 Dungeon Crawl Stone Soup version 0.28.0-45-g0d030f2227 (webtiles) character file.

Game seed: 10414025971609682102

4669 MalarOregon the Fighter (level 10, -8/130 HPs)
             Began as a Palentonga Berserker on Apr 22, 2022.
             Was a High Priest of Trog.
             Mangled by an orc warrior
             ... wielding a +2 halberd of protection
              (11 damage)
             ... on level 9 of the Dungeon.
             The game lasted 00:12:13 (10553 turns).

MalarOregon the Fighter (Palentonga Berserker)     Turns: 10553, Time: 00:12:14

Health: -8/130     AC: 19    Str: 31    XL:     10   Next: 20%
Magic:  10/10      EV:  7    Int:  8    God:    Trog [*****.]
Gold:   487        SH:  0    Dex:  9    Spells: 9/9 levels left

rFire   + . .      SeeInvis +   a - +0 mace (venom)
rCold   . . .      Faith    .   (no shield)
rNeg    . . .      Spirit   .   w - +0 plate armour
rPois   .          Reflect  .   (no helmet)
rElec   .          Harm     .   p - +0 cloak
rCorr   .          Rampage  .   (no gloves)
Will    ++...                   (no barding)
Stlth   ..........              (no amulet)
HPRegen 1.31/turn               q - +6 ring of strength
MPRegen 0.12/turn               i - ring of protection from fire

@: berserking, strong-willed (expiring), regenerating (expiring), curled up,
very quick
A: large, rugged brown scales 3, see invisible, deformed body, roll 1, armoured
tail, reflexive curl
a: Rolling Charge, Renounce Religion, Berserk, Trog's Hand, Brothers in Arms


You were on level 9 of the Dungeon.
You worshipped Trog.
Trog was extremely pleased with you.
You visited 1 branch of the dungeon, and saw 9 of its levels.
You also visited: Sewer.

You collected 487 gold pieces.


Innate Abilities, Weirdness & Mutations

You are completely covered in rugged brown scales. (AC +3, +7% HP)
You have supernaturally acute eyesight. (SInv)
Armour fits poorly on your strangely shaped body.
You can roll at nearby foes to attack.
You have a long armoured tail.
You curl defensively after being hit. (AC +7*)


   Skills:
 * Level 8.5 Fighting
 * Level 8.5 Maces & Flails
 * Level 6.8 Armour
 + Level 4.8 Dodging
 + Level 2.0 Evocations


You had 9 spell levels left.
You didn't know any spells.
Your spell library was empty.

Inventory:

Hand Weapons
 a - a +0 mace of venom (weapon)
Missiles
 h - 5 curare-tipped darts {!f}
Armour
 p - a +0 cloak (worn)
   (You found it on level 5 of the Dungeon)
 w - a +0 plate armour (worn)
   (You found it on level 1 of the Dungeon)
Jewellery
 i - a ring of protection from fire (right hand)
   (You found it on level 5 of the Dungeon)
 m - a ring of resist corrosion
   (You found it on level 5 of the Dungeon)
 o - a ring of protection from cold
   (You found it on level 5 of the Dungeon)
 q - a +6 ring of strength (left hand)
   (You found it on level 6 of the Dungeon)
 y - a ring of flight
   (You found it on level 8 of the Dungeon)
Wands
 d - a wand of iceblast (3)
   (You took it off Maggie on level 7 of the Dungeon)
 u - a wand of paralysis (3)
   (You found it on level 4 of the Dungeon)
 x - a wand of acid (12)
   (You found it on level 7 of the Dungeon)
Scrolls
 f - 8 scrolls of teleportation {@r4}
 k - 3 scrolls of silence
 l - a scroll of fog
 n - a scroll of magic mapping
 r - 3 scrolls of identify {@r1}
 s - 2 scrolls of summoning {unknown}
Potions
 b - 2 potions of haste {unknown}
 e - 3 potions of heal wounds {@q2}
 j - a potion of ambrosia
 t - a potion of curing {unknown}
 v - a potion of lignification {!q}

Dungeon Overview and Level Annotations

Branches:
Dungeon (9/15)             Temple (0/1) D:7           Sewer (visited)
   Lair: D:8-11         Orc: D:9-12

Altars:
Ashenzari
Fedhas
Makhleb
Okawaru
Ru
The Shining One

Annotations:
D:9 2 runed translucent doors

#..#.#D...####
..####..#
#..#.+DD.[...+
........#
#..#.####....#
........#
#..#.#§§#..⌠.#
........#
#..#.#§≈#...
........#
#..#.########
......o.#
#..#.........
.....oT)#
#..##..#..###
......l@# #..##..#..#
.....oo)# #..##..# .#
........# #......# #
........# #......#
........###.###.....#
............#
#..##...
......>.....# #..#
... ............#
#..# .. ........[##.#
#..# #


You could see a troll (extremely poisoned), an orc warrior, a wyvern (extremely
poisoned) and 3 orcs.


Message History

You barely miss the orc wizard. The orc wizard completely misses you.
The troll bites you.
The troll claws you but does no damage. x2
You closely miss the orc wizard. The orc closely misses you.
The orc barely misses you. The troll bites you.
The troll claws you but does no damage. The troll closely misses you.
You hit the orc wizard.
The orc hits you from afar with a +0 trident.
The orc hits you but does no damage. The troll bites you.
The troll barely misses you. x2
The orc wizard hits you with a +0 dagger.
The orc priest calls down the wrath of Beogh upon you.
Beogh smites you!
You hit the orc wizard.
You kill the orc wizard!
Trog accepts your kill.
Trog appreciates your killing of a magic user.
The wyvern bites you! The orc completely misses you.
The orc closely misses you. The troll closely misses you.
The troll claws you but does no damage. x2; The wyvern bites you.
The orc warrior barely misses you.
The orc priest hits you but does no damage.
You hit the troll but do no damage.
The troll is poisoned.
The wyvern barely misses you.
The orc hits you from afar with a +0 trident.
The orc completely misses you. The troll closely misses you.
The troll barely misses you. The troll claws you but does no damage.
The orc hits you but does no damage.
The orc warrior hits you but does no damage.
The orc priest hits you but does no damage.
Unknown command.
A red film seems to cover your vision as you go berserk!
You feel yourself moving faster!
You feel mighty!
The wyvern bites you but does no damage.
The orc barely misses you. x2; The troll bites you but does no damage.
The troll claws you but does no damage. The troll claws you.
The orc hits you but does no damage. The wyvern barely misses you.
The orc warrior hits you from afar with a +2 halberd of protection.
* * * LOW HITPOINT WARNING * * *
The orc priest hits you with a +0 hand axe.
* * * LOW HITPOINT WARNING * * *
Unknown command.
Unknown command.
You thump the orc priest!
The orc hits you from afar with a +0 trident.
* * * LOW HITPOINT WARNING * * *
The orc hits you but does no damage. The troll bites you!
* * * LOW HITPOINT WARNING * * *
The troll barely misses you. The troll claws you but does no damage.
The wyvern closely misses you. The orc hits you but does no damage.
The orc warrior hits you from afar with a +2 halberd of protection!
* * * LOW HITPOINT WARNING * * *
You hit the orc priest.
The orc priest is poisoned.
The wyvern bites you!
* * * LOW HITPOINT WARNING * * *
The orc priest hits you but does no damage.
The orc hits you but does no damage. x2; The troll barely misses you.
The troll completely misses you. The troll closely misses you.
The orc completely misses you.
Unknown command.
You sock the troll!
The troll looks as sick as possible!
The wyvern bites you.
* * * LOW HITPOINT WARNING * * *
The orc warrior closely misses you.
The orc priest looks satisfied for a moment.
You barely miss the orc priest.
You kill the orc priest!
Trog accepts your kill. The orc closely misses you.
The orc hits you from afar with a +0 trident.
* * * LOW HITPOINT WARNING * * *
The wyvern bites you but does no damage.
The troll bites you but does no damage.
The troll claws you but does no damage. x2
The orc hits you but does no damage.
Your Evocations skill increases to level 2!
You sock the orc!
The orc is poisoned.
You feel the effects of Trog's Hand fading.
You kill the orc!
Trog accepts your kill.
The orc warrior hits you from afar with a +2 halberd of protection!!
* * * LOW HITPOINT WARNING * * *
The wyvern barely misses you. The orc barely misses you.
The orc hits you but does no damage.
You sock the troll! The troll bites you.
* * * LOW HITPOINT WARNING * * *
The troll claws you but does no damage. x2
The wyvern bites you but does no damage.
The orc warrior hits you but does no damage.
You sock the wyvern!
The wyvern looks as sick as possible!
Your tail-slap misses the wyvern.
The orc hits you but does no damage. The troll bites you but does no damage.
The troll claws you.
* * * LOW HITPOINT WARNING * * *
The troll claws you but does no damage. The wyvern bites you.
* * * LOW HITPOINT WARNING * * *
Unknown command.
You are too berserk!
Unknown command.
You are too berserk!
You bludgeon the orc!!
You kill the orc!
Trog accepts your kill.
The orc warrior hits you from afar with a +2 halberd of protection!
You die...

Skill      XL: |  1  2  3  4  5  6  7  8  9 10 |
---------------+-------------------------------+-----
Armour         | 2 3 4 5 6 |  6.8
Dodging        | 2 3 4 |  4.8
Maces & Flails | 4 5 6 8 |  8.5
Fighting       | 4 5 7 8 |  8.5
Evocations     | 1 2 |  2.0

Action                   |  1- 3 |  4- 6 |  7- 9 | 10-12 || total
-------------------------+-------+-------+-------+-------++-------
Melee: Mace              |   110 |     3 |   148 |    84 ||   345
       Tailslap          |    12 |    20 |    47 |    12 ||    91
       Hand axe          |       |   170 |   192 |       ||   362
       Punch             |       |     1 |     7 |       ||     8
Invok: Berserk           |     3 |     1 |     2 |     1 ||     7
       Trog's Hand       |       |       |       |     1 ||     1
 Abil: Rolling Charge    |       |       |     3 |     7 ||    10
  Use: Scroll            |       |     8 |     2 |       ||    10
       Potion            |       |     3 |     1 |       ||     4
Armor: Animal skin       |    21 |       |       |       ||    21
       Plate armour      |    50 |   105 |   179 |    82 ||   416
       Skin              |       |       |    46 |       ||    46
Dodge: Dodged            |    43 |    33 |    96 |    63 ||   235

Levels and vault maps discovered:
D:1:      amcnicky_arrival_double_pillar, layout_basic
D:2:      layout_basic, hangedman_decor_points
D:3:      layout_rooms, mainiacjoe_overflow_cross_hatched, gup_sewer_entry_pipe
D:4:      layout_basic, serial_curves, eino_curves_04, eino_curves_02,
          eino_curves_02, eino_curves_04
D:5:      lemuel_ratsnest, layout_rooms, uniq_blork_the_orc
D:6:      layout_rooms
D:7:      layout_cave_pools, minmay_overflow_temple_star_hex,
          minmay_temple_entry_drinking_statues, uniq_maggie
D:8:      layout_loops_ring, kennysheep_nondescript, sigmund_army
D:9:      layout_long_grid, minmay_guarded_unrand_resistance

Notes
Turn   | Place    | Note
-------+----------+-------------------------------------------
     0 | D:1      | MalarOregon the Palentonga Berserker began the quest for
                  | the Orb.
     0 | D:1      | Reached XP level 1. HP: 19/19 MP: 1/1
   379 | D:1      | Reached XP level 2. HP: 25/25 MP: 2/2
   534 | D:1      | Reached skill level 2 in Armour
   958 | D:1      | Reached XP level 3. HP: 29/31 MP: 3/3
  1563 | D:2      | Reached ** piety under Trog
  2136 | D:3      | Reached skill level 2 in Dodging
  2136 | D:3      | Reached XP level 4. HP: 39/39 MP: 4/4
  2190 | D:3      | Found a glowing drain.
  2215 | Sewer    | Entered a sewer
  2562 | Sewer    | Reached XP level 5. HP: 44/44 MP: 5/5
  2588 | Sewer    | Reached *** piety under Trog
  2602 | Sewer    | Reached skill level 4 in Maces & Flails
  2616 | Sewer    | Reached skill level 4 in Fighting
  2843 | D:3      | Found a burning altar of Makhleb.
  3064 | D:4      | Reached skill level 3 in Armour
  3417 | D:4      | Reached XP level 6. HP: 48/52 MP: 6/6
  3705 | D:4      | HP: 17/73 [wight/+0 flail (2)]
  4043 | D:4      | Reached skill level 5 in Maces & Flails
  4043 | D:4      | Gained mutation: You curl defensively after being hit. (AC
                  | +7*) [Palentonga growth]
  4043 | D:4      | Reached XP level 7. HP: 41/58 MP: 7/7
  4260 | D:4      | Reached skill level 5 in Fighting
  4913 | D:4      | Reached skill level 4 in Armour
  5036 | D:5      | Entered Level 5 of the Dungeon
  5045 | D:5      | Reached skill level 3 in Dodging
  5311 | D:5      | Noticed Blork the orc
  5317 | D:5      | Reached XP level 8. HP: 47/68 MP: 8/8
  5329 | D:5      | Killed Blork the orc
  5334 | D:5      | Reached skill level 6 in Fighting
  5340 | D:5      | Reached skill level 6 in Maces & Flails
  5340 | D:5      | Reached **** piety under Trog
  5662 | D:5      | Reached skill level 5 in Armour
  6717 | D:6      | Reached skill level 7 in Fighting
  6717 | D:6      | Reached XP level 9. HP: 68/77 MP: 9/9
  6998 | D:5      | Reached skill level 7 in Maces & Flails
  6998 | D:5      | Reached skill level 4 in Dodging
  7726 | D:7      | Found a staircase to the Ecumenical Temple.
  7945 | D:7      | Reached skill level 6 in Armour
  8231 | D:7      | Reached ***** piety under Trog
  8398 | D:7      | Noticed Maggie
  8410 | D:7      | Killed Maggie
  8416 | D:7      | Reached skill level 8 in Fighting
  8703 | D:7      | Found a glowing golden altar of the Shining One.
  8705 | D:7      | Found an iron altar of Okawaru.
  8711 | D:7      | Reached skill level 8 in Maces & Flails
  8711 | D:7      | Reached skill level 1 in Evocations
  8717 | D:7      | Found a blossoming altar of Fedhas.
  8730 | D:7      | Found a broken altar of Ashenzari.
  8733 | D:7      | Found a sacrificial altar of Ru.
  8969 | D:8      | Noticed a cyclops
  8977 | D:8      | Killed a cyclops
  8978 | D:8      | Reached XP level 10. HP: 72/85 MP: 10/10
 10353 | D:9      | Noticed an ice dragon
 10353 | D:9      | Noticed a fire dragon
 10353 | D:9      | Found a runed translucent door.
 10492 | D:9      | Noticed an ice dragon
 10493 | D:9      | Found a runed translucent door.
 10493 | D:9      | Noticed a fire dragon
 10493 | D:9      | Found the +2 shield of Resistance {rF++ rC++ Will++}
 10548 | D:9      | HP: 32/130 [wyvern (3)]
 10550 | D:9      | Reached skill level 2 in Evocations
 10550 | D:9      | HP: 11/130 [orc warrior/+2 halberd of protection (18)]
 10552 | D:9      | HP: 2/130 [wyvern (5)]
 10553 | D:9      | Mangled by an orc warrior

Vanquished Creatures
  A cyclops (D:8)
  Maggie (D:7)
  A yak (D:8)
  A wyvern (D:8)
  A water moccasin (D:9)
  2 sky beasts (D:7)
  2 ice beasts (D:5)
  A black bear (D:4)
  6 necrophages
  An orc warrior (D:8)
  4 ogres
  A phantom (D:4)
  A centaur (D:8)
  2 bullfrogs (D:7)
  Blork the orc (D:5)
  2 scorpions (D:5)
  3 water moccasin skeletons
  A wyvern skeleton (D:7)
  3 killer bees (D:8)
  4 wights (D:4)
  A howler monkey (D:6)
  2 centaur zombies
  4 orc priests
  5 hounds
  2 jellies
  A bullfrog zombie (D:5)
  2 centaur skeletons
  3 iguanas
  7 orc wizards
  A merfolk siren (Sewer)
  A merfolk avatar (Sewer)
  A hound skeleton (D:4)
  3 howler monkey zombies
  5 gnolls
  5 adders
  10 river rats (D:5)
  An adder skeleton (D:4)
  An adder zombie (D:5)
  3 dart slugs
  28 orcs
  5 endoplasms
  11 giant cockroaches
  2 goblins (D:1)
  8 hobgoblins
  8 kobolds
  16 quokkas
  15 ball pythons
  6 bats
  8 frilled lizards
  39 rats
243 creatures vanquished.

Table legend:
 A = Non-vault XP
 B = Vault XP
 C = Vault XP percentage of total XP
 D = Non-vault monster count
 E = Vault monster count
 F = Vault count percentage of total count
                 A         B        C        D         E       F
            +---------+---------+-------+---------+---------+-------
      Total |    5706 |     968 |  14.5 |     156 |      87 |  35.8
            +---------+---------+-------+---------+---------+-------
        D:1 |      51 |       0 |   0.0 |      29 |       0 |   0.0
        D:2 |      18 |       0 |   0.0 |       9 |       0 |   0.0
        D:3 |      60 |      18 |  23.1 |       8 |       9 |  52.9
        D:4 |     753 |       0 |   0.0 |      31 |       0 |   0.0
        D:5 |    1026 |     379 |  27.0 |      19 |      32 |  62.7
        D:6 |    1099 |       0 |   0.0 |      17 |       0 |   0.0
        D:7 |     897 |     428 |  32.3 |      20 |       1 |   4.8
        D:8 |    1564 |      24 |   1.5 |      17 |       5 |  22.7
        D:9 |     238 |       0 |   0.0 |       6 |       0 |   0.0
      Sewer |       0 |     119 | 100.0 |       0 |      40 | 100.0
            +---------+---------+-------+---------+---------+-------

Illustrated notes

Table legend:
 A = Kills in this place as a percentage of kills in entire the game.
 B = Kills by you in this place as a percentage of kills by you in the entire game.
 C = Kills by friends in this place as a percentage of kills by friends in the entire game.
 D = Other kills in this place as a percentage of other kills in the entire game.
 E = Experience gained in this place as a percentage of experience gained in the entire game.
 F = Experience gained in this place divided by the number of levels of this place that you have seen.
                   A       B       C       D       E      F
               +-------+-------+-------+-------+-------+----------------------
         Total | 100.0 | 100.0 |   N/A |   N/A | 100.0 | 667.4
       Dungeon |  83.5 |  83.5 |   N/A |   N/A |  98.2 | 728.3
         Sewer |  16.5 |  16.5 |   N/A |   N/A |   1.8 | 119.0
               +-------+-------+-------+-------+-------+----------------------

Table legend: (Time is in decaauts)
 A = Elapsed time spent in this place.
 B = Non-inter-level travel time spent in this place.
 C = Inter-level travel time spent in this place.
 D = Time resting spent in this place.
 E = Time spent auto-exploring this place.
 F = Levels seen in this place.
 G = Mean time per level.
                   A        B        C        D        E       F      G
               +--------+--------+--------+--------+--------+-----+--------+
         Total |  10742 |  10471 |    271 |   2299 |   6452 |  10 | 1074.2 |
       Dungeon |  10078 |   9807 |    271 |   2299 |   6007 |   9 | 1119.8 |
         Sewer |    664 |    664 |      0 |      0 |    444 |   1 |  664.0 |
               +--------+--------+--------+--------+--------+-----+--------+

Top non-repeatable levels by time:
     D:4: 1697 daAuts
     D:5: 1636 daAuts
     D:8: 1539 daAuts
     D:1: 1490 daAuts
     D:7: 1092 daAuts
     D:6: 1072 daAuts
     D:3: 703 daAuts
   Sewer: 664 daAuts
     D:2: 646 daAuts
     D:9: 199 daAuts
